Map: Defender's Landing LE

Players

IIIIIIIIIIII

  • Race: Terran Terran
  • League: Grandmaster
  • Spawn Location: 1:00

PiG - Winner!

  • Race: Zerg Zerg
  • League: Grandmaster
  • Spawn Location: 7:00

VOD

Have the link to the VOD?

Description

Time

  • Played on: June 6, 2017, 6:11 p.m.
  • Length: 5:28
Show
View Real Time Build Order
Export as new Build Order

IIIIIIIIIIII Terran 

Build Orders: Reaper Expand 

Get SALT Encoding   

  12  0:00  SCV  
  13  0:13  SCV  
  14  0:17  Supply Depot  
  14  0:25  SCV  
  15  0:39  SCV  
  15  0:40  Barracks  
  16  0:46  Refinery  
  16  0:51  SCV  
  17  1:03  SCV  
  18  1:15  SCV  
  19  1:27  Orbital Command  
  19  1:29  Reaper  
  20  1:40  Command Center  
  20  1:52  Supply Depot  
  20  1:53  SCV  
  21  2:02  Marine  
  21  2:05  SCV  
  23  2:10  Factory  
  23  2:17  SCV  
  24  2:29  SCV  
  25  2:31  Barracks Reactor  
  25  2:41  SCV  
  26  2:44  Command Center  
  25  2:53  Hellion  
  25  2:56  Orbital Command  
  27  3:00  SCV  
  28  3:07  Marine x2  
  30  3:17  SCV  
  31  3:21  SCV  
  32  3:29  SCV  
  32  3:31  Hellion  
  32  3:32  Hellion, Barracks Tech Lab  
  37  3:34  SCV  
  38  3:42  SCV  
  38  3:46  SCV  
  40  3:54  Barracks  
  40  3:55  Barracks  
  39  3:56  SCV  
  39  3:58  Marine  
  39  3:59  SCV  
  39  4:00  Orbital Command  
  42  4:06  Factory Reactor  
  42  4:09  SCV  
  43  4:12  SCV  
  44  4:18  Supply Depot  
  44  4:19  Supply Depot, Marine  
  44  4:20  Engineering Bay  
  44  4:21  Engineering Bay, SCV  
  46  4:25  SCV x2  
  48  4:33  SCV  
  48  4:35  Refinery  
  48  4:36  Refinery  
  48  4:37  SCV x2  
  48  4:38  Refinery, Marine  
  53  4:50  SCV x2  
  53  4:51  Starport  
  53  4:52  Marine x2  
  54  4:53  Factory Reactor  
  54  4:56  Marine, SCV  
  58  5:02  SCV  
Show
View Real Time Build Order
Export as new Build Order

PiG Zerg - Winner!

Build Orders: Hatch First, Zergling Baneling 

Get SALT Encoding   

  12  0:01  Drone  
  13  0:13  Overlord  
  13  0:18  Drone  
  14  0:32  Drone  
  14  0:33  Drone  
  16  0:36  Drone  
  17  0:53  Hatchery  
  17  0:57  Drone  
  17  0:59  Drone  
  18  1:10  Extractor  
  17  1:14  Spawning Pool  
  17  1:17  Drone  
  17  1:20  Drone  
  18  1:29  Drone  
  19  1:39  Overlord  
  19  1:53  Drone  
  20  2:00  Queen  
  22  2:01  Zergling x2  
  22  2:05  Zergling x2, Queen  
  26  2:11  Metabolic Boost  
  26  2:14  Zergling x2  
  27  2:17  Drone  
  27  2:30  Drone  
  28  2:43  Drone x3  
  31  2:50  Overlord  
  31  2:51  Hatchery  
  31  2:53  Drone  
  31  3:01  Baneling Nest  
  30  3:14  Drone x3  
  33  3:21  Overlord  
  33  3:26  Zergling x10  
  38  3:28  Zergling x2  
  39  3:37  Overlord  
  39  3:49  Zergling x8  
  42  3:56  Zergling x10  
  47  4:06  Zergling x6  
  50  4:10  Overlord  
  50  4:14  Zergling x4  
  50  4:15  Baneling x2  
  50  4:16  Baneling x5  
  50  4:17  Baneling x2  
  52  4:19  Baneling x2  
  52  4:21  Baneling  
  52  4:24  Zergling x2  
  53  4:31  Zergling x6  
  56  4:37  Zergling x6  
  59  4:46  Zergling x8  
  59  4:50  Overlord  
  59  4:51  Zergling x2  
  64  4:56  Zergling x2  
Tags
 
Add a new tag
Caveats
  • Supply blocks, unpowered buildings, or Contaminate may cause inaccurate times.
  • Supply counts are checked every 10 seconds.